 Dungeon Crawl Stone Soup version 0.32-a0-986-ga09f62fbf4 (webtiles) character file.

Game seed: 4526078491775077203

170754 adelrune the Maledictor (level 17, 0/79 HPs)
             Began as a Spriggan Enchanter on Apr 21, 2024.
             Was the Champion of Hepliaklqana.
             Constricted to death by an anaconda (7 damage)
             ... on level 1 of the Snake Pit on Apr 22, 2024.
             The game lasted 03:31:06 (41139 turns).

adelrune the Maledictor (Spriggan Enchanter)       Turns: 41139, Time: 03:31:07

Health: 0/79       AC: 12    Str:  4    XL:     17   Next: 13%
Magic:  41/43      EV: 14    Int: 28    God:    Hepliaklqana [******]
Gold:   672        SH:  5    Dex: 19    Spells: 6/40 levels left

rFire   + + .        a - +9 lance "Wyrmbane" {slay drac, rPois rF+ rC+ AC+3}
rCold   + + +        (no shield)
rNeg    + . .        j - +2 robe {rC+ rF+}
rPois   +            Y - +0 hat
rElec   +            n - +2 cloak of Bul Ludu {Dex+5}
rCorr   .            (gloves unavailable)
SInv    +            (boots unavailable)
Will    +++..        S - amulet of reflection
Stlth   ++++         Q - ring "Bifumez" {rElec rPois Will+}
HPRegen 0.33/turn    I - ring "Taloarig" {rN+ MP+9 Int+6 Dex-4}
MPRegen 0.28/turn

%: reflection
@: confusing by touch, constricted, studying Ranged Weapons, very quick
A: reduced essence, very small, no large weapons, unfitting armour, see
invisible, speed 3, iridescent scales 1, cold resistance 1
}: 1/15 runes: barnacled
a: Renounce Religion, Recall Ancestor, Ancestor Identity, Transference, Idealise


You were on level 1 of the Snake Pit.
You worshipped Hepliaklqana.
Hepliaklqana was exalted by your worship.
You visited 5 branches of the dungeon, and saw 27 of its levels.
You also visited: Sewer, Bailey and Volcano.

You collected 4487 gold pieces.
You spent 3815 gold pieces at shops.

Inventory:

Hand Weapons
 a - the +9 lance "Wyrmbane" (weapon) {slay drac, rPois rF+ rC+ AC+3}
   (You found it on level 6 of the Dungeon)

   AC+3:      It affects your AC (+3).
   rF+:       It protects you from fire.
   rC+:       It protects you from cold.
   rPois:     It protects you from poison.
 b - a +1 heavy shortbow
Armour
 j - a +2 robe of resistance (worn)
 n - the +2 cloak of Bul Ludu (worn) {Dex+5}
   (You bought it in a shop on level 14 of the Dungeon)

   Dex+5:     It affects your dexterity (+5).
 Y - a +0 hat (worn)
Jewellery
 d - a ring of willpower
 g - a +5 ring of evasion
 r - a ring of protection from cold
 v - an amulet of magic regeneration
 D - a +5 ring of evasion
 I - the ring "Taloarig" (right hand) {rN+ MP+9 Int+6 Dex-4}
   (You acquired it on level 14 of the Dungeon)

   [ring of intelligence]

   Int+6:     It affects your intelligence (+6).
   Dex-4:     It affects your dexterity (-4).
   rN+:       It protects you from negative energy.
   MP+9:      It affects your magic capacity (+9).
 N - a ring of willpower
 Q - the ring "Bifumez" (left hand) {rElec rPois Will+}
   (You found it on level 8 of the Dungeon)

   [ring of willpower]

   rElec:     It insulates you from electricity.
   rPois:     It protects you from poison.
   Will+:     It increases your willpower.
 R - a ring of resist corrosion
 S - an amulet of reflection (around neck)
 W - a ring of poison resistance
 X - a ring of flight
Wands
 t - a wand of acid (2)
 w - a wand of polymorph (23)
 C - a wand of iceblast (13)
 E - a wand of digging (10)
 F - a wand of paralysis (26)
 T - a wand of mindburst (5)
 Z - a wand of flame (11)
Scrolls
 m - 2 scrolls of immolation
 q - 5 scrolls of identify
 y - 6 scrolls of vulnerability
 A - 2 scrolls of butterflies
 G - 3 scrolls of blinking
 J - 3 scrolls of poison
 K - 7 scrolls of fog
 M - 8 scrolls of teleportation
 O - 2 scrolls of enchant armour
 P - 6 scrolls of fear
 V - 4 scrolls of revelation
Potions
 c - 4 potions of invisibility
 e - 6 potions of enlightenment
 f - 12 potions of curing
 h - 2 potions of ambrosia
 i - 7 potions of haste
 l - 6 potions of brilliance
 o - 5 potions of cancellation
 s - 14 potions of heal wounds
 u - 2 potions of berserk rage
 x - 9 potions of lignification
 z - 4 potions of attraction
 B - 2 potions of might
 H - 4 potions of magic
Miscellaneous
 k - a phantom mirror
 p - a lightning rod (4/4)
 L - a phial of floods
 U - a box of beasts


   Skills:
 + Level 9.5 Fighting
 - Level 5.0 Short Blades
 + Level 10.2 Ranged Weapons
 * Level 10.3 Dodging
 - Level 9.0 Stealth
 - Level 12.0 Spellcasting
 - Level 6.0 Conjurations
 - Level 23.0 Hexes
 - Level 11.9 Alchemy
 + Level 1.3 Invocations
 - Level 12.0 Evocations


You had 6 spell levels left.
You knew the following spells:

 Your Spells              Type           Power      Damage    Failure   Level
a - Discord               Hex            49%        N/A       1%          8
b - Tukima's Dance        Hex            98%        N/A       0%          3
c - Olgreb's Toxic Radia  Alch           71%        N/A       1%          4
d - Confusing Touch       Hex            98%        N/A       0%          3
e - Irradiate             Conj/Alch      30%        3d21      2%          5
f - Yara's Violent Unrav  Hex/Alch       43%        3d17      1%          5
g - Dazzling Flash        Conj/Hex       100%       N/A       1%          3
h - Mephitic Cloud        Conj/Alch/Air  50%        N/A       1%          3

Your spell library contained the following spells:

 Spells                   Type           Power      Damage    Failure   Level
 Shock                    Conj/Air       100%       1d9       1%          1
 Cigotuvi's Dreadful Rot  Necr/Alch/Air  78%        N/A       1%          2
 Ensorcelled Hibernation  Hex/Ice        100%       N/A       1%          2
 Static Discharge         Conj/Air       66%        3-6/arc   1%          2
 Inner Flame              Hex/Fire       69%        N/A       1%          3
 Dimensional Bullseye     Hex/Tloc       34%        N/A       1%          4
 Silence                  Hex/Air        34%        N/A       1%          5
 Hailstorm                Conj/Ice       33%        3d8       2%          3
 Freeze                   Ice            64%        1d7       3%          1
 Summon Small Mammal      Summ           64%        N/A       3%          1
 Call Canine Familiar     Summ           16%        N/A       10%         3
 Frozen Ramparts          Ice            32%        1d5       10%         3
 Swiftness                Air            16%        N/A       10%         3
 Volatile Blastmotes      Fire/Tloc      32%        2d12      10%         3
 Brom's Barrelling Bould  Conj/Erth      33%        2d5       10%         4
 Iskenderun's Mystic Bla Conj/Tloc 33%            2d8        (+2d4     10%         4
 Dispel Undead            Necr           16%        3d10      32%         4
 Martyr's Knell           Necr/Summ      16%        N/A       32%         4
 Passage of Golubria      Tloc           16%        N/A       32%         4
 Summon Blazeheart Golem  Fire/Summ      16%        N/A       32%         4
 Vhi's Electric Charge    Tloc/Air       32%        N/A       32%         4
 Bombard                  Conj/Erth      16%        9d3       82%         6
 Gell's Gavotte           Tloc           8%         2d(15-22) 99%         6
 Seismic Cannonade        Alch/Erth      25%        6d10      94%         7
 Ozocubu's Refrigeration  Ice            8%         4d9       100%        7
 Rimeblight               Ice/Necr       8%         2d4       (prima100%   7
 Ignition                 Fire           8%         3d5       100%        8
 Lehudib's Crystal Spear  Conj/Erth      16%        10d5      100%        8


Dungeon Overview and Level Annotations

Branches:
Dungeon (15/15)            Temple (0/1) D:6            Lair (5/5) D:10
 Shoals (4/4) Lair:2        Snake (1/4) Lair:3        Slime (0/5) Lair:4
    Orc (2/2) D:9             Elf (0/3) Orc:2        Vaults (0/5) D:13
 Depths (0/4) D:15          Sewer (visited)          Bailey (visited)
Volcano (visited)

Altars:
Ashenzari
Cheibriados
Elyvilon
Fedhas
Hepliaklqana
Kikubaaqudgha
Qazlal
Sif Muna
Trog
Vehumet
Wu Jian
Xom
Zin
The Shining One
Beogh
Jiyva

Shops:
D:6 :   D:14 [   D:15 !   Orc:2 *=(   Shoals:2 =   Shoals:3 !****

Portals:
Trove: D:11 (give +2 gold dragon scales)

Annotations:
D:13 1 runed translucent door, Dazliare's ghost, journeyman CoCK


Innate Abilities, Weirdness & Mutations

Your life essence is reduced to manifest your ancestor. (-10% HP)
You are very small and have problems with some larger weapons.
You are too small for most types of armour.
You have supernaturally acute eyesight. (SInv)
You cover ground extremely quickly. (Speed+++)
You are partially covered in iridescent scales. (AC +2)
Your flesh is cold resistant. (rC+)


Message History

Casting: Tukima's Dance (safe; 0% risk of failure)
Confirm with . or Enter, or press ? or * to list all spells.
Okay, then.
b - a +1 heavy shortbow (weapon)
The anaconda bites Utelet!
Utelet hits the anaconda with a +0 quarterstaff!
You shoot an arrow. Utelet avoids your attack.
The arrow hits the anaconda!
The anaconda is severely wounded.
The anaconda bites Utelet!!
Utelet is destroyed!
You shoot an arrow. The arrow hits the anaconda!
The anaconda is almost dead.
The anaconda grabs you. You block the anaconda's attack.
The anaconda constricts you.
You feel an overwhelming desire to slay dragons!
a - the +9 lance "Wyrmbane" (weapon)
{slay drac, rPois rF+ rC+ AC+3} The anaconda bites you.
The anaconda constricts you.
Casting: Tukima's Dance (safe; 0% risk of failure)
Confirm with . or Enter, or press ? or * to list all spells.
Your hands begin to glow red.
The anaconda bites you but does no damage.
The anaconda constricts you.
You miss the anaconda.
The anaconda is almost dead.
The anaconda misses you. The anaconda constricts you. The anaconda misses you.
The anaconda constricts you.
You barely miss the anaconda.
The anaconda is almost dead.
The anaconda bites you! The anaconda constricts you. The anaconda bites you!
The anaconda constricts you.
* * * LOW HITPOINT WARNING * * *
The anaconda's grasp on you weakens, but your attempt to escape fails.
The anaconda bites you!
* * * LOW HITPOINT WARNING * * *
The anaconda constricts you.
* * * LOW HITPOINT WARNING * * *
The anaconda bites you but does no damage.
The anaconda constricts you!
You die...
Hepliaklqana delivers you to your ancestors.

... .†. ##).
#..## #...# ..
#...## #.
#.S..## #.
#@...## #.
##....## #.
##..#.## #.
##....## #.
##....########.
##......#.#.(.
##...........
##.........#
####..#####


You could see an anaconda.

Vanquished Creatures
  Rupert (Lair:3)
  Polyphemus (Shoals:3)
  Kirke (Shoals:1)
  Donald (Shoals:4)
  Ilsuiw (Shoals:3)
  An orc warlord (Orc:2)
  Snorg (Lair:3)
  Josephine (Orc:1)
  3 merfolk impalers
  3 hydras
  A catoblepas (Shoals:3)
  2 boulder beetles
  2 merfolk avatars
  A merfolk aquamancer (Shoals:4)
  A satyr (Shoals:4)
  4 death yaks (Shoals:3)
  An orc high priest (Orc:1)
  6 skysharks
  3 dancing weapons
  5 sea snakes
  3 harpies
  A phantasmal warrior (D:11)
  3 manticores
  3 orc sorcerers
  2 deep elf pyromancers
  3 orc knights
  2 cyclopes
  A faun (Shoals:3)
  4 elephants (Lair:4)
  A meliai (shapeshifter) (D:15)
  4 water nymphs
  3 black mambas
  2 meliai (D:15)
  A merfolk siren (Shoals:2)
  A gargoyle (D:12)
  2 cane toads
  A tengu conjurer (D:15)
  An unseen horror (D:12)
  3 komodo dragons
  A kobold demonologist (D:11)
  A rime drake (Lair:5)
  2 freezing wraiths (D:11)
  4 wind drakes
  A wolf spider simulacrum (D:15)
  A polar bear (Lair:5)
  5 trolls
  9 merfolk
  8 blink frogs
  2 snapping turtles
  A saltling (Orc:2)
  A dream sheep (Shoals:3)
  6 water elementals
  4 slime creatures
  13 yaks
  5 wyverns
  3 wraiths
  2 wargs (Orc:1)
  A basilisk (Lair:5)
  A fire elemental (D:13)
  3 vampire mosquitoes
  2 steam dragons (Lair:5)
  A naga (Lair:3)
  2 acid dragons
  A hell hound (D:13)
  3 water moccasins
  A black bear (D:6)
  2 sky beasts (D:6)
  8 orc warriors
  3 ice beasts
  3 wolves (Lair:2)
  3 ogres
  3 centaurs
  2 battlemagi
  8 bullfrogs
  3 scorpions
  6 killer bees
  5 orc priests
  A hound (D:5)
  Jessica (D:2)
  Terence (D:3)
  Natasha (D:2)
  5 orc wizards
  5 gnolls
  5 adders
  A shadow imp (D:7)
  A white imp (D:5)
  10 dart slugs
  3 ribbon worms
  38 orcs
  12 ball pythons
  5 bats
  11 endoplasms
  8 giant cockroaches (Sewer)
  10 goblins
  14 hobgoblins
  5 jackals
  3 quokkas
  9 frilled lizards
  24 kobolds
  6 rats
390 creatures vanquished.

Vanquished Creatures (collateral kills)
  Nikola (Shoals:3)
  Jorgrun (Shoals:1)
  Mlioglotl (Shoals:2)
  Gastronok (Lair:1)
  2 orc warlords
  A dire elephant (Lair:5)
  Azrael (D:13)
  4 merfolk javelineers
  An ettin (Orc:2)
  The ghost of Biggs the Grappler, a journeyman TrFi of Wu Jian (Lair:5)
  4 merfolk impalers
  A rakshasa (D:15)
  A hydra (Lair:3)
  A death knight (D:11)
  A merfolk avatar (Shoals:4)
  5 centaur warriors
  7 two-headed ogres
  2 boulder beetles
  A merfolk aquamancer (Shoals:4)
  Urug (D:10)
  An orc high priest (Orc:2)
  A naga sharpshooter (Snake:1)
  9 sea snakes
  A skyshark (Shoals:1)
  A shadow wraith (D:13)
  Lodul (D:13)
  A skeletal warrior (D:11)
  A kraken simulacrum (Shoals:4)
  A lindwurm (D:13)
  Pikel (D:4)
  A necromancer (D:15)
  An obsidian bat (Orc:2)
  2 fauns
  7 ugly things
  8 orc knights
  2 deep elf pyromancers
  10 harpies
  6 cyclopes
  2 orc sorcerers
  A salamander (Lair:3)
  Maurice (D:11)
  9 manticores
  4 elephants
  3 black mambas
  A merfolk siren (Shoals:3)
  A meliai (D:15)
  2 centaur zombies (D:15)
  5 water nymphs
  A naga mage (Snake:1)
  8 cane toads
  Maggie (D:6)
  Jeremiah (Lair:1)
  3 rime drakes
  A centaur skeleton (D:15)
  7 komodo dragons
  A redback zombie (D:15)
  2 ice devils (D:12)
  A tengu conjurer (D:15)
  22 merfolk
  2 trolls (Orc:2)
  2 hornets (Lair:5)
  3 wind drakes
  7 saltlings (Orc:2)
  5 dream sheep
  9 snapping turtles
  2 blink frogs
  8 slime creatures
  13 yaks
  5 hogs (Shoals:1)
  3 wraiths
  A ynoxinul (D:9)
  3 basilisks
  12 water elementals
  6 wyverns
  4 fire elementals (D:13)
  11 vampire mosquitoes
  4 wargs
  4 nagas
  2 acid dragons
  2 hell hounds (D:13)
  12 water moccasins
  2 black bears
  A hornet zombie (D:15)
  16 orc warriors
  3 centaurs
  A wolf (Lair:2)
  12 ogres
  A phantom (D:5)
  3 battlemagi
  3 kobold brigands
  8 bullfrogs
  2 gnoll sergeants
  3 wights (D:9)
  2 killer bees
  An electric eel (D:11)
  5 howler monkeys
  5 jellies (Lair:4)
  7 orc priests
  A sleepcap (D:7)
  A gnoll bouda (Lair:1)
  Crazy Yiuf (D:2)
  2 iguanas
  12 orc wizards
  A boggart simulacrum (D:15)
  8 gnolls
  2 adders
  2 shadow imps (D:7)
  A white imp (D:8)
  27 orcs
  A goblin (Bailey)
  A hobgoblin (Bailey)
  7 kobolds
  A tentacle (Shoals:4)
433 creatures vanquished.

Vanquished Creatures (others)
  3 merfolk javelineers (Shoals:3)
  2 sea snakes
  12 dancing weapons
  A harpy (Shoals:2)
  A merfolk (Shoals:3)
  A hog (Shoals:1)
  48 battlemagi
  5 ancestors
  3 tentacles (Shoals:4)
76 creatures vanquished.

Grand Total: 899 creatures vanquished

Notes
Turn   | Place    | Note
-------+----------+-------------------------------------------
     0 | D:1      | adelrune the Spriggan Enchanter began the quest for the
                  | Orb.
     0 | D:1      | Reached XP level 1. HP: 9/9 MP: 5/5
   100 | D:1      | Reached skill level 4 in Hexes
   100 | D:1      | Reached XP level 2. HP: 9/13 MP: 6/6
   568 | D:1      | Reached skill level 5 in Stealth
   568 | D:1      | Reached XP level 3. HP: 16/16 MP: 8/8
   843 | D:2      | Noticed Jessica
   851 | D:2      | Killed Jessica
   941 | D:2      | Found a runed translucent door.
   942 | D:2      | Noticed Crazy Yiuf
   948 | D:2      | Learned a level 3 spell: Tukima's Dance
  1088 | D:2      | Killed Crazy Yiuf
  1089 | D:2      | Reached skill level 5 in Hexes
  1089 | D:2      | Reached XP level 4. HP: 21/21 MP: 5/9
  1278 | D:2      | Learned a level 2 spell: Ensorcelled Hibernation
  1411 | D:2      | Noticed Natasha
  1418 | D:2      | Killed Natasha
  1616 | D:2      | Reached XP level 5. HP: 24/24 MP: 7/10
  1766 | D:2      | Learned a level 4 spell: Olgreb's Toxic Radiance
  1799 | D:3      | Found a hazy altar of Hepliaklqana.
  1823 | D:3      | Became a worshipper of Hepliaklqana the Forgotten
  2193 | D:3      | Noticed Terence
  2198 | D:3      | Killed Terence
  2252 | D:3      | Found an ancient bone altar of Kikubaaqudgha.
  2282 | D:3      | Found a glowing drain.
  2302 | Sewer    | Entered a sewer
  2652 | Sewer    | Reached skill level 1 in Alchemy
  2860 | Sewer    | Reached skill level 6 in Hexes
  2860 | Sewer    | Reached XP level 6. HP: 28/28 MP: 5/12
  2891 | Sewer    | Got Syesufom's Elucidation of Remains and Blows
  3313 | D:4      | Reached * piety under Hepliaklqana
  3451 | D:4      | Found a glowing golden altar of the Shining One.
  3768 | D:4      | Found a blossoming altar of Fedhas.
  3898 | D:4      | Found a shimmering altar of Xom.
  4079 | D:4      | Noticed Pikel
  4308 | D:4      | Killed Pikel
  4309 | D:4      | Reached skill level 7 in Hexes
  4309 | D:4      | Reached XP level 7. HP: 28/28 MP: 7/14
  4408 | D:5      | Entered Level 5 of the Dungeon
  4586 | D:5      | Reached XP level 8. HP: 32/32 MP: 7/15
  4723 | D:5      | Found a glowing silver altar of Zin.
  5125 | D:5      | Learned a level 3 spell: Confusing Touch
  5360 | D:5      | Reached skill level 5 in Short Blades
  6195 | D:6      | Reached skill level 5 in Spellcasting
  6195 | D:6      | Reached skill level 5 in Alchemy
  6202 | D:6      | Found Puqyrism's Book Emporium.
  6360 | D:6      | Reached skill level 5 in Evocations
  6831 | D:6      | Reached ** piety under Hepliaklqana
  6832 | D:6      | Remembered your ancestor Utelet as a battlemage
  6842 | D:6      | Found a broken altar of Ashenzari.
  6852 | D:6      | Identified the +8 broad axe of Integrity {vamp, Str+3
                  | Dex+3}
  6858 | D:6      | Reached XP level 9. HP: 36/36 MP: 6/17
  6864 | D:6      | Learned a level 5 spell: Irradiate
  7191 | D:6      | Reached skill level 1 in Fighting
  7200 | D:6      | Noticed a two-headed ogre
  7206 | D:6      | Killed a two-headed ogre
  7207 | D:6      | Reached skill level 1 in Conjurations
  7302 | D:6      | Found a staircase to the Ecumenical Temple.
  7571 | D:6      | Noticed Maggie
  7577 | D:6      | Killed Maggie
  7865 | D:6      | Found a radiant altar of Vehumet.
  8028 | D:6      | Identified 2 scrolls of acquirement
  8028 | D:6      | Acquired 776 gold pieces
  8069 | D:6      | Bought Great Wizards, Vol. VII for 360 gold pieces
  8624 | D:7      | Found a snail-covered altar of Cheibriados.
  8929 | D:8      | Reached XP level 10. HP: 44/44 MP: 10/19
  9052 | D:8      | Found a flagged portal.
  9057 | D:8      | Reached *** piety under Hepliaklqana
  9100 | Bailey   | Entered a bailey
  9205 | Bailey   | Noticed an orc warlord
  9368 | Bailey   | Found a runed translucent gate.
  9481 | Bailey   | Found a runed translucent gate.
  9481 | Bailey   | Found a runed translucent gate.
  9512 | Bailey   | Killed an orc warlord
  9547 | Bailey   | Reached XP level 11. HP: 55/55 MP: 9/21
  9554 | Bailey   | Learned a level 5 spell: Yara's Violent Unravelling
 10407 | D:8      | Found a stormy altar of Qazlal.
 10426 | D:8      | Identified the ring "Bifumez" {rElec rPois Will+}
 10628 | D:9      | Noticed a two-headed ogre
 10633 | D:9      | Killed a two-headed ogre
 10768 | D:9      | Found a staircase to the Orcish Mines.
 10902 | D:9      | Reached **** piety under Hepliaklqana
 11344 | D:9      | Found a white marble altar of Elyvilon.
 11555 | D:9      | Found a bloodstained altar of Trog.
 11615 | D:9      | Found a shimmering blue altar of Sif Muna.
 11619 | D:9      | Got Sif Muna's Textbook on the Nimbus
 11778 | D:9      | Acquired 398 gold pieces
 11781 | D:10     | Entered Level 10 of the Dungeon
 11941 | D:10     | Reached skill level 10 in Alchemy
 11953 | D:10     | Reached skill level 8 in Hexes
 12140 | D:10     | Noticed a two-headed ogre
 12145 | D:10     | Killed a two-headed ogre
 12317 | D:10     | Noticed a two-headed ogre
 12328 | D:10     | Killed a two-headed ogre
 12457 | D:10     | Found an ornate altar of the Wu Jian Council.
 12525 | D:10     | Reached XP level 12. HP: 51/59 MP: 2/24
 12774 | D:10     | Reached skill level 5 in Dodging
 12774 | D:10     | Noticed Urug
 12787 | D:10     | Killed Urug
 12788 | D:10     | Reached skill level 9 in Hexes
 12877 | D:10     | Found a staircase to the Lair.
 13086 | Lair:1   | Entered Level 1 of the Lair of Beasts
 13157 | Lair:1   | Noticed Jeremiah
 13163 | Lair:1   | Killed Jeremiah
 13358 | Lair:1   | Learned a level 3 spell: Dazzling Flash
 13761 | Lair:1   | Reached ***** piety under Hepliaklqana
 14177 | Lair:1   | Noticed Gastronok
 14190 | Lair:1   | Killed Gastronok
 14191 | Lair:1   | Reached skill level 10 in Hexes
 15035 | Lair:2   | Found a dark tunnel.
 15075 | Volcano  | Entered a volcano
 15367 | Lair:2   | Found a staircase to the Shoals.
 16070 | Lair:3   | Reached skill level 11 in Hexes
 16107 | Lair:3   | Noticed Rupert
 16148 | Lair:3   | Noticed Snorg
 16293 | Lair:3   | Reached XP level 13. HP: 63/63 MP: 22/26
 16579 | Lair:3   | Killed Rupert
 17409 | Lair:3   | Killed Snorg
 17695 | Lair:3   | Found a staircase to the Snake Pit.
 18162 | Lair:4   | Reached skill level 12 in Hexes
 18850 | Lair:4   | Reached skill level 5 in Conjurations
 19119 | Lair:4   | Found a staircase to the Slime Pits.
 19193 | Lair:4   | Identified the +9 long sword "Cadi" {speed, rF+ Int+3}
 19198 | Lair:4   | Found a viscous altar of Jiyva.
 19432 | Lair:5   | Entered Level 5 of the Lair of Beasts
 19480 | Lair:5   | Noticed a minotaur
 19574 | Lair:5   | Reached skill level 13 in Hexes
 20103 | Lair:4   | Upgraded the game from 0.32-a0-981-g384da2ce10 to
                  | 0.32-a0-986-ga09f62fbf4
 20146 | Lair:5   | Found a runed translucent gate.
 20146 | Lair:5   | Found a runed translucent gate.
 20146 | Lair:5   | Found a runed translucent gate.
 20146 | Lair:5   | Noticed Biggs's ghost (journeyman TrFi)
 20161 | Lair:5   | Reached skill level 10 in Evocations
 21249 | Lair:5   | Reached skill level 14 in Hexes
 21401 | Lair:5   | Learned a level 3 spell: Mephitic Cloud
 21544 | Lair:5   | Reached XP level 14. HP: 67/67 MP: 20/28
 21669 | Lair:5   | Reached ****** piety under Hepliaklqana
 22173 | Lair:5   | Killed Biggs's ghost
 22504 | Orc:1    | Entered Level 1 of the Orcish Mines
 22535 | Orc:1    | Noticed Josephine
 22613 | Orc:1    | Killed Josephine
 22777 | Orc:1    | Noticed an orc warlord
 22792 | Orc:1    | Killed an orc warlord
 23092 | Orc:1    | Reached skill level 15 in Hexes
 23529 | Orc:2    | Entered Level 2 of the Orcish Mines
 23730 | Orc:2    | Found a staircase to the Elven Halls.
 25011 | Orc:2    | Reached skill level 16 in Hexes
 25594 | Orc:2    | Found Wuawneke's Weapon Shoppe.
 25612 | Orc:2    | Found Qeviozats's Distillery.
 25613 | Orc:2    | Found a roughly hewn altar of Beogh.
 25614 | Orc:2    | Found Lilav's General Store.
 25683 | Orc:2    | Noticed an orc warlord
 25693 | Orc:2    | Killed an orc warlord
 25961 | Orc:2    | Found Anwal's Jewellery Shop.
 25970 | Orc:2    | Bought a ring of wizardry for 360 gold pieces
 25970 | Orc:2    | Bought an amulet of magic regeneration for 360 gold pieces
 25996 | Orc:2    | Bought a potion of curing for 42 gold pieces
 25996 | Orc:2    | Bought a potion of haste for 140 gold pieces
 25996 | Orc:2    | Bought a potion of heal wounds for 70 gold pieces
 25996 | Orc:2    | Bought a potion of ambrosia for 112 gold pieces
 25996 | Orc:2    | Bought a potion of heal wounds for 70 gold pieces
 25996 | Orc:2    | Bought 2 potions of cancellation for 224 gold pieces
 25996 | Orc:2    | Bought a potion of haste for 140 gold pieces
 25996 | Orc:2    | Bought a potion of heal wounds for 70 gold pieces
 26000 | Orc:2    | Bought a scroll of acquirement for 728 gold pieces
 26000 | Orc:2    | Acquired 833 gold pieces
 26002 | Orc:2    | Bought a wand of mindburst (5) for 98 gold pieces
 26002 | Orc:2    | Bought a potion of enlightenment for 70 gold pieces
 26002 | Orc:2    | Bought a scroll of identify for 28 gold pieces
 26002 | Orc:2    | Bought a scroll of fear for 56 gold pieces
 26149 | D:11     | Reached skill level 10 in Spellcasting
 26525 | D:11     | Reached skill level 17 in Hexes
 27034 | D:11     | Noticed Maurice
 27051 | D:11     | Killed Maurice
 27247 | D:11     | Found a portal to a secret trove of treasure.
 27804 | D:12     | Found a frozen archway.
 27906 | D:12     | Learned a level 8 spell: Discord
 28238 | D:12     | Reached XP level 15. HP: 71/71 MP: 22/30
 28517 | D:13     | Noticed Azrael
 28856 | D:13     | Killed Azrael
 28867 | D:13     | Reached skill level 18 in Hexes
 29219 | D:13     | Noticed Dazliare's ghost (journeyman CoCK)
 29222 | D:13     | Found a runed translucent door.
 29372 | D:13     | Noticed Lodul
 29378 | D:13     | Killed Lodul
 29787 | D:13     | Found a gate to the Vaults.
 30112 | D:14     | Found Bafyteni's Antique Armour Shop.
 30120 | D:14     | Bought a jewelled robe for 199 gold pieces
 30120 | D:14     | Identified the +0 robe of Lodedey {rN+ Will- Dex+3
                  | Archmagi} (You bought it in a shop on level 14 of the
                  | Dungeon)
 30120 | D:14     | Bought a heavily runed cloak for 332 gold pieces
 30120 | D:14     | Identified the +2 cloak of Bul Ludu {Dex+5} (You bought it
                  | in a shop on level 14 of the Dungeon)
 30239 | D:14     | Reached skill level 19 in Hexes
 30251 | D:14     | Found a broken altar of Ashenzari.
 30278 | D:14     | Identified the +4 helmet "Uzaataut" {Rampage Str+5}
 30416 | D:14     | Acquired the ring "Taloarig" {rN+ MP+9 Int+6 Dex-4}
 31021 | D:15     | Entered Level 15 of the Dungeon
 31335 | D:15     | Found Begi's Distillery.
 31343 | D:15     | Bought 2 potions of curing for 96 gold pieces
 31343 | D:15     | Bought a potion of heal wounds for 80 gold pieces
 31343 | D:15     | Bought a potion of curing for 48 gold pieces
 31654 | D:15     | Reached skill level 20 in Hexes
 32242 | D:15     | Found a staircase to the Depths.
 32515 | Shoals:1 | Entered Level 1 of the Shoals
 32532 | Shoals:1 | Reached skill level 1 in Ranged Weapons
 32646 | Shoals:1 | Noticed Jorgrun
 32658 | Shoals:1 | Killed Jorgrun
 32754 | Shoals:1 | Reached skill level 21 in Hexes
 32881 | Shoals:1 | Noticed Kirke
 32940 | Shoals:1 | Killed Kirke
 33043 | Shoals:1 | Identified the +0 rapier of the Kissing Gods {freeze, rF+
                  | rN+ Dex+2}
 33235 | Shoals:1 | You fall into a shaft and drop 1 floor!
 33237 | Shoals:2 | Noticed Mlioglotl
 33526 | Shoals:2 | Reached skill level 5 in Ranged Weapons
 33527 | Shoals:2 | Reached XP level 16. HP: 75/75 MP: 31/31
 33820 | Shoals:1 | Gained mutation: You occasionally lose the ability to read
                  | scrolls when taking damage. [mutagenic glow]
 33969 | Shoals:1 | Lost mutation: You occasionally lose the ability to read
                  | scrolls when taking damage. [potion of mutation]
 33969 | Shoals:1 | Gained mutation: Potions are less effective at restoring
                  | your health. [potion of mutation]
 33969 | Shoals:1 | Lost mutation: Potions are less effective at restoring your
                  | health. [potion of mutation]
 33969 | Shoals:1 | Gained mutation: Your flesh is cold resistant. (rC+)
                  | [potion of mutation]
 33969 | Shoals:1 | Gained mutation: You are partially covered in iridescent
                  | scales. (AC +2) [potion of mutation]
 34238 | Shoals:2 | Found Xaog's Jewellery Shop.
 35167 | Shoals:3 | Found Fuonedaph's Distillery.
 35257 | Shoals:3 | Reached skill level 22 in Hexes
 35370 | Shoals:3 | Found Eppu's Assorted Antiques.
 35393 | Shoals:3 | Bought a scroll of fog for 132 gold pieces
 35393 | Shoals:3 | Found Ronusus's Retail Resort.
 35491 | Shoals:3 | Found Gixeumose's Assorted Antiques.
 35516 | Shoals:3 | Noticed Nikola
 35661 | Shoals:3 | Noticed Polyphemus
 35796 | Shoals:3 | Found Nic Dery's Assorted Antiques.
 36180 | Shoals:3 | Killed Nikola
 36530 | Shoals:2 | Killed Mlioglotl
 37132 | Shoals:3 | Killed Polyphemus
 37148 | Shoals:3 | Noticed Ilsuiw
 38164 | Shoals:3 | Killed Ilsuiw
 38165 | Shoals:3 | Reached skill level 23 in Hexes
 38287 | Shoals:4 | Entered Level 4 of the Shoals
 38367 | Shoals:4 | Identified the +1 ring mail "Onlimn" {rElec rCorr MP+9
                  | Slay-3}
 39325 | Shoals:4 | Identified the +4 rapier of Cataclysm {flame, *Slow rElec
                  | Str-5 Dex+9}
 39721 | Shoals:4 | Identified the ring of Gaulur {Ice rElec rN+ Slay+2}
 39747 | Shoals:4 | Noticed Donald
 39751 | Shoals:4 | Killed Donald
 39914 | Shoals:4 | Reached XP level 17. HP: 79/79 MP: 34/34
 39922 | Shoals:4 | Got a barnacled rune of Zot
 40224 | Shoals:4 | Reached skill level 10 in Ranged Weapons
 40313 | Shoals:4 | Reached skill level 10 in Dodging
 40610 | Shoals:4 | Reached skill level 1 in Invocations
 40978 | Snake:1  | Entered Level 1 of the Snake Pit
 41139 | Snake:1  | Constricted to death by an anaconda

Illustrated notes

Levels and vault maps discovered:
D:1:      tarquinn_simple_flora_water_b, layout_basic, minmay_box_of_dots
D:2:      layout_basic, chequers_serial_rivers_large_a, uniq_crazy_yiuf_cottage,
          uniq_natasha, uniq_jessica
D:3:      layout_rooms, nicolae_kikubaaqudgha_miasma_corner,
          mainiacjoe_overflow_brackets, cheibrodos_sewer_entry_bend,
          uniq_terence
D:4:      layout_basic, marbit_many_paths, mainiacjoe_overflow_cross_hatched,
          mainiacjoe_overflow_alcove_1, minmay_pentangle, uniq_pikel
D:5:      layout_basic, kennysheep_mini_moat
D:6:      layout_loops_ring, nicolae_vehumet_altar_sigil,
          general_overflow_altar, minmay_temple_entry_mist, serial_shops,
          nicolae_shop_peninsula, uniq_maggie
D:7:      layout_cave_pools, lemuel_coloured_pillars_altar
D:8:      layout_gridville, nicolae_qazlal_general_emergency, enter_bailey_5
D:9:      layout_loops_ring, nzn_overflow_gifts_of_might_and_magic,
          mainiacjoe_overflow_six_doors_small, orc_0_dummy
D:10:     layout_big_octagon, nzn_wu_jian_council_hall,
          grunt_lair_entry_orc_guard_hut, uniq_urug
D:11:     layout_long_grid, nicolae_trove_entry_isolated, lightli_minifort,
          uniq_maurice
D:12:     layout_rooms, portal_ice_cave_demonic_guard
D:13:     layout_stronghold, david_vaults_4, hellmonk_ghost_happy_afterlife,
          uniq_azrael, uniq_lodul
D:14:     layout_grid_maze, cheibrodos_ashenzari_chains, serial_shops,
          nicolae_stop_n_shop_1, eino_tiny_chamber
D:15:     grunt_enter_depths_magical_seal, layout_cave_pools, nicolae_tricolors,
          serial_shops, shop, drop_trap, hangedman_decor_peaks_small
Lair:1:   layout_small_grid, dreamdust_gnoll_shepherd, uniq_jeremiah,
          uniq_gastronok
Lair:2:   layout_hall_layers, mainiacjoe_shoals_entry_four_pools,
          nicolae_volcano_entry_s_turn
Lair:3:   layout_regular_city, alex1729_snake_entry_snake, uniq_snorg,
          uniq_rupert
Lair:4:   layout_regular_city, nicolae_slime_entry_field_trip
Lair:5:   gammafunk_lair_ancient_temple, layout_big_grid,
          maelrawn_ghost_gauntlet_escape
Shoals:1: layout_shoals, uniq_aizul, uniq_kirke, uniq_jorgrun
Shoals:2: layout_shoals, nicolae_take_the_stairs,
          nicolae_shoals_arrival_archipelago, uniq_mlioglotl
Shoals:3: layout_shoals, serial_shops, shop, nicolae_shop_tiny_waterfront, shop,
          shop, nicolae_alphabet_shops, nicolae_shoals_land_atoll,
          nicolae_shoals_elemental_ambush, uniq_polyphemus, uniq_nikola,
          uniq_ilsuiw
Shoals:4: shoals_end_grunt_ice, layout_shoals, shoal_ilsuiw, uniq_donald
Snake:1:  layout_concentric_octagons, minmay_shop_star
Orc:1:    layout_caves, uniq_josephine
Orc:2:    hellmonk_orc_salted, layout_caves

Skill      XL: |  1  2  3  4  5  6  7  8  9 10 11 12 13 14 15 16 17 |
---------------+----------------------------------------------------+-----
Hexes          | 4 5 6 7 8 11 14 17 21 23 | 23.0
Stealth        | 5 6 7 9 |  9.0
Short Blades   | 2 3 4 5 |  5.0
Spellcasting   | 3 4 5 6 7 8 9 10 12 | 12.0
Alchemy        | 1 3 4 6 8 9 10 11 | 11.9
Evocations     | 2 3 5 6 7 10 12 | 12.0
Fighting       | 3 9 |  9.5
Conjurations   | 2 3 4 5 6 |  6.0
Dodging        | 4 7 8 9 10 | 10.3
Ranged Weapons | 5 9 10 | 10.2
Invocations    | 1 |  1.3

Action                     |  1- 3 |  4- 6 |  7- 9 | 10-12 | 13-15 | 16-18 || total
---------------------------+-------+-------+-------+-------+-------+-------++-------
  Melee: Dagger            |    87 |    64 |    22 |       |     1 |       ||   174
         Short sword       |     6 |   113 |    36 |       |       |       ||   155
         Unarmed           |       |     4 |       |       |       |       ||     4
         Lance             |       |       |     4 |    35 |   137 |    14 ||   190
   Fire: Shortbow          |       |       |       |       |       |    27 ||    27
   Cast: Tukima's Dance    |     4 |    10 |    41 |    36 |    63 |    17 ||   171
         Ensorcelled Hiber |       |    23 |    13 |     6 |     7 |       ||    49
         Confusing Touch   |       |       |     3 |     2 |    24 |     4 ||    33
         Olgreb's Toxic Ra |       |       |    15 |   107 |   150 |    67 ||   339
         Dazzling Flash    |       |       |       |    11 |    54 |       ||    65
         Yara's Violent Un |       |       |       |     7 |   105 |    54 ||   166
         Irradiate         |       |       |       |     1 |    22 |     9 ||    32
         Mephitic Cloud    |       |       |       |       |    62 |    47 ||   109
         Discord           |       |       |       |       |     6 |    20 ||    26
 Invoke: Recall Ancestor   |       |       |     2 |     2 |    22 |     8 ||    34
         Ancestor Life: Ba |       |       |     1 |       |       |       ||     1
         Idealise          |       |       |       |       |     1 |       ||     1
  Evoke: Wand              |       |       |       |     4 |     3 |    14 ||    21
         Box of beasts     |       |       |       |       |     1 |       ||     1
         Phial of floods   |       |       |       |       |     2 |     1 ||     3
    Use: Scroll            |       |       |    17 |     2 |    13 |     1 ||    33
         Potion            |       |       |       |     2 |       |     5 ||     7
   Stab: Sleeping          |    11 |    20 |     9 |       |     3 |       ||    43
         Distracted        |     2 |     2 |     3 |     2 |     6 |     1 ||    16
         Confused          |       |       |     2 |     2 |       |       ||     4
         Paralysed         |       |       |       |     1 |       |       ||     1
         Invisible         |       |       |       |       |     1 |       ||     1
 Armour: Robe              |    22 |    46 |    24 |       |    69 |    86 ||   247
         Skin              |       |     1 |       |       |       |       ||     1
         Steam dragon scal |       |       |     1 |    26 |    62 |       ||    89
         Troll leather arm |       |       |       |       |     1 |       ||     1
  Dodge: Dodged            |    61 |   105 |    49 |    36 |   259 |   125 ||   635
  Block: Other             |       |       |       |       |       |     1 ||     1

Table legend: (Time is in decaauts)
 A = Elapsed time spent in this place.
 B = Non-inter-level travel time spent in this place.
 C = Inter-level travel time spent in this place.
 D = Time resting spent in this place.
 E = Time spent auto-exploring this place.
 F = Levels seen in this place.
 G = Mean time per level.
                   A        B        C        D        E       F      G
               +--------+--------+--------+--------+--------+-----+--------+
         Total |  33201 |  32105 |   1096 |  15033 |   8381 |  30 | 1106.7 |
       Dungeon |  14131 |  13651 |    480 |   5387 |   5070 |  15 |  942.1 |
          Lair |   7664 |   7409 |    255 |   3788 |   1755 |   5 | 1532.8 |
        Shoals |   7333 |   7050 |    283 |   4024 |    844 |   4 | 1833.2 |
     Snake Pit |    135 |    135 |      0 |     67 |      0 |   1 |  135.0 |
  Orcish Mines |   2681 |   2605 |     76 |   1243 |    485 |   2 | 1340.5 |
         Sewer |    625 |    625 |      0 |    202 |    101 |   1 |  625.0 |
        Bailey |    529 |    529 |      0 |    242 |    125 |   1 |  529.0 |
       Volcano |    101 |    101 |      0 |     79 |      0 |   1 |  101.0 |
               +--------+--------+--------+--------+--------+-----+--------+

Top non-repeatable levels by time:
Shoals:3: 2508 daAuts
  Lair:4: 2150 daAuts
Shoals:2: 2038 daAuts
     D:5: 1881 daAuts
  Lair:3: 1757 daAuts
   Orc:2: 1706 daAuts
  Lair:5: 1668 daAuts
Shoals:4: 1575 daAuts
     D:9: 1365 daAuts
     D:6: 1222 daAuts
Shoals:1: 1210 daAuts
  Lair:1: 1117 daAuts
    D:11: 1115 daAuts
    D:14: 1113 daAuts
    D:10: 1053 daAuts
